 Dungeon Crawl Stone Soup version 0.22-a0-567-gff9aefc (webtiles) character file.

20074 inc the Summoner (level 12, -8/58 HPs)
             Began as a Felid Fire Elementalist on June 29, 2018.
             Was a High Priest of Sif Muna.
             Mangled by a centaur warrior (13 damage)
             ... on level 14 of the Dungeon.
             The game lasted 01:58:39 (39482 turns).

inc the Summoner (Felid Fire Elementalist)         Turns: 39482, Time: 01:58:40

Health: -8/58      AC:  3    Str:  4    XL:     12   Next: 42%
Magic:  25/34      EV: 28    Int: 20    God:    Sif Muna [*****.]
Gold:   1096       SH:  0    Dex: 18    Spells: 5/28 levels left
                                        Lives:  0   Deaths: 4

rFire    + . .     SeeInvis +   (weapon unavailable)
rCold    + . .     Gourm    .   (shield unavailable)
rNeg     . . .     Faith    .   (armour unavailable)
rPois    .         Spirit   .   (helmet unavailable)
rElec    .         Reflect  .   (cloak unavailable)
rCorr    .         Harm     .   (gloves unavailable)
MR       +....                  (boots unavailable)
Stlth    +++.......             F - amulet of the acrobat
HPRegen  0.19/turn              g - ring of magical power
MPRegen  0.24/turn              H - ring of protection from fire

@: divine energy, quick
A: very small, no armour, no weapons or thrown items, stealth, claws 1, fangs 3,
see invisible, carnivore, speed 1, shaggy fur 3, slow metabolism 1, sharp paws
a: Stop Divine Energy, Channel Magic, Forget Spell, Renounce Religion


You were on level 14 of the Dungeon.
You worshipped Sif Muna.
Sif Muna was extremely pleased with you.
You were full.

You visited 4 branches of the dungeon, and saw 23 of its levels.
You also visited: Ossuary and Ice Cave.

You collected 2289 gold pieces.
You spent 1193 gold pieces at shops.

Inventory:

Jewellery
 g - a ring of magical power (left paw)
 i - an uncursed ring of flight
 D - an uncursed amulet of the acrobat
 E - an uncursed ring of protection from cold
 F - an amulet of the acrobat (around neck)
 G - an uncursed ring of ice
 H - a ring of protection from fire (right paw)
 J - an uncursed ring of stealth
Wands
 e - a wand of polymorph (78)
 h - a wand of digging (14)
 j - a wand of disintegration (15)
 v - a wand of paralysis (22)
 y - a wand of iceblast (7)
 z - a wand of acid (9)
 A - a wand of random effects (67)
 C - a wand of flame (7)
Scrolls
 a - 4 scrolls of fear
 c - 4 scrolls of remove curse
 f - 7 scrolls of teleportation
 k - 7 scrolls of amnesia
 m - 9 scrolls of identify
 n - 3 scrolls of blinking
 s - a scroll of fog
 x - 4 scrolls of immolation
 K - 2 scrolls of noise
Potions
 d - a potion of agility
 l - 3 potions of brilliance
 o - 2 potions of lignification
 p - 4 potions of haste
 q - 3 potions of flight
 r - 3 potions of berserk rage
 t - a potion of resistance
 u - 2 potions of might
 w - 3 potions of curing
 I - a potion of mutation
Comestibles
 b - 9 rations


   Skills:
 - Level 10.4 Fighting
 - Level 11.5 Dodging
 - Level 2.6 Stealth
 - Level 8.6 Spellcasting
 + Level 10.8 Conjurations
 - Level 11.9 Summonings
 + Level 10.9 Fire Magic
 - Level 3.5 Air Magic
 - Level 6.5 Invocations


You had 5 spell levels left.
You knew the following spells:

 Your Spells              Type           Power        Failure   Level  Hunger
a - Flame Tongue          Conj/Fire      #####        1%          1    None
b - Conjure Flame         Conj/Fire      ######..     1%          3    None
c - Sticky Flame          Conj/Fire      ######..     1%          4    ###....
d - Inner Flame           Hex/Fire       ####....     2%          3    None
e - Throw Flame           Conj/Fire      ######       1%          2    None
f - Fireball              Conj/Fire      ######....   2%          5    #####..
g - Summon Butterflies    Summ           ######..     1%          1    None
h - Summon Lightning Spi  Summ/Air       #####...     3%          4    ###....

Your spell library contained the following spells:

 Spells                   Type           Power        Failure   Level  Hunger
 Magic Dart               Conj           ####         1%          1    None
 Apportation              Tloc           #.....       9%          1    None
 Bolt of Fire             Conj/Fire      ######....   14%         6    ######.
 Bolt of Magma            Conj/Fire/Erth #####.....   11%         5    #####..
 Confuse                  Hex            #.......     24%         3    None
 Invisibility             Hex            #.......     100%        6    ######.
 Throw Frost              Conj/Ice       ####..       1%          2    None
 Mephitic Cloud           Conj/Pois/Air  ####....     3%          3    None
 Ring of Flames           Chrm/Fire      ####......   100%        7    #######
 Venom Bolt               Conj/Pois      ####......   24%         5    #####..
 Death's Door             Chrm/Necr      #.........   100%        8    #######
 Bolt of Draining         Conj/Necr      ####......   24%         5    #####..
 Fire Storm               Conj/Fire      ######....   100%        9    #######
 Summon Horrible Things   Summ           ######....   98%         8    #######
 Freeze                   Ice            #...         9%          1    None
 Ozocubu's Armour         Chrm/Ice       #.......     24%         3    None
 Sting                    Conj/Pois      ####         1%          1    None
 Tukima's Dance           Hex            #.......     24%         3    None
 Summon Greater Demon     Summ           ######....   45%         7    #######
 Iron Shot                Conj/Erth      ####......   78%         6    ######.
 Shock                    Conj/Air       ####         1%          1    None
 Recall                   Summ/Tloc      N/A          1%          3    None
 Spider Form              Tmut/Pois      #.........   24%         3    None
 Statue Form              Tmut/Erth      #........    100%        6    ######.
 Ignite Poison            Fire/Tmut/Pois ###.....     5%          3    None
 Ensorcelled Hibernation  Hex/Ice        #.....       12%         2    None
 Static Discharge         Conj/Air       #####...     1%          3    None
 Corona                   Hex            #......      9%          1    None
 Alistair's Intoxication  Tmut/Pois      #.......     92%         5    #####..
 Conjure Ball Lightning   Conj/Air       #####.....   54%         6    ######.
 Monstrous Menagerie      Summ           ######....   45%         7    #######
 Orb of Destruction       Conj           ######....   61%         7    #######
 Fulminant Prism          Conj/Hex       ####......   9%          4    ###....
 Dazzling Spray           Conj/Hex       ####..       2%          3    None
 Summon Mana Viper        Hex/Summ       ####....     19%         5    #####..
 Hydra Form               Tmut           #.........   100%        6    ######.
 Yara's Violent Unravell  Hex/Tmut       #.........   92%         5    #####..
 Lesser Beckoning         Tloc           #.........   24%         3    None
 Ignition                 Fire           ######....   99%         8    #######


Dungeon Overview and Level Annotations

Branches:
Dungeon (14/15) Temple (1/1) D:5 Lair (6/6) D:9 Shoals (0/4) Lair:2 Snake (0/4) Lair:2 Slime (0/5) Lair:5 Orc (2/2) D:10 Elf (0/3) Orc:2 Vaults (0/5) D:12 D:13

Altars:
Ashenzari
Cheibriados
Dithmenos
Elyvilon
Fedhas
Gozag
Hepliaklqana
Kikubaaqudgha
Makhleb
Nemelex Xobeh
Okawaru
Qazlal
Ru
Sif Muna
Trog
Uskayaw
Vehumet
Wu Jian
Xom
Yredelemnul
Zin
The Shining One
Beogh
Lugonu

Shops:
D:9 =   D:14 *   Orc:2 (:*[

Annotations:
D:6 Alabard's ghost, novice MiFi
D:7 Pikel
D:11 digging
D:13 Nessos
D:14 2 runed doors


Innate Abilities, Weirdness & Mutations

You cannot wear armour.
You are incapable of wielding weapons or throwing items.
Your paws allow you to move quietly. (Stealth)
You have sharp claws.
You have razor-sharp teeth.
You have supernaturally acute eyesight. (SInv)
You are carnivorous and can eat meat at any time.
You cover ground quickly.
Your thick and shaggy fur keeps you warm. (AC +3, rC+)
You have a slow metabolism.
Your sharp claws are effective at attacking unaware monsters.


Message History

The hippogriff is covered in liquid flames!
The hippogriff burns!
The centaur warrior burns!
The hippogriff closely misses you. The hippogriff misses you.
The hippogriff completely misses you. The centaur warrior closely misses you.
Unknown command.
Casting: Sticky Flame (safe; 1% risk of failure)
Confirm with . or Enter, or press ? or * to list all spells.
Aiming: Flame Tongue (safe; 1% risk of failure)
Press: ? - help, Shift-Dir - straight line, f - centaur warrior, p - hippogriff
Aim: a centaur warrior (moderately wounded, covered in liquid flames)
The flame tongue hits the centaur warrior.
The centaur warrior is heavily wounded.
The hippogriff burns!
The centaur warrior burns!
The centaur warrior hits you.
* * * LOW HITPOINT WARNING * * *
The hippogriff bites you!
* * * LOW HITPOINT WARNING * * *
The hippogriff completely misses you. The hippogriff claws you.
* * * LOW HITPOINT WARNING * * *
The centaur warrior hits you!
You die...

......# #.... ...<..#
...## #.... ..##### ..W#
#.... ..# ++### #######
#.... ..# ...+ ......#
###.... ..# +.#+#.......
........
..####+######...........
........
.................H......
###+####
#########.((..(.@c......
# #..########....$ #
#..# ... #### .


You could see a centaur warrior (burning) and a hippogriff (burning).

Vanquished Creatures
  Rupert (Lair:4)
  Kirke (D:14)
  An orc warlord (Orc:1)
  A frost giant (IceCv)
  A stone giant (Orc:1)
  Snorg (D:12)
  Erolcha (D:10)
  4 hydras
  Harold (Lair:3)
  5 two-headed ogres
  2 death yaks (IceCv)
  2 orc high priests (Orc:2)
  Urug (D:13)
  A deep elf mage (D:12)
  3 orc knights (Orc:2)
  4 oklob plants (Lair:2)
  3 orc sorcerers
  10 slime creatures
  2 cyclopes
  2 manticores
  A guardian serpent (D:11)
  5 centaur zombies
  2 black mambas
  Maurice (D:13)
  An ice statue (IceCv)
  2 gargoyles (D:10)
  3 spiny frogs
  A yaktaur (shapeshifter) (D:13)
  3 komodo dragons
  2 rime drakes
  A merfolk (D:9)
  4 trolls
  15 polar bears
  8 blink frogs
  7 dream sheep
  8 hippogriffs
  2 shadows
  59 yaks
  A wyvern (Lair:5)
  4 basilisks
  A vampire (D:14)
  3 hogs (D:14)
  9 humans
  2 steam dragons (D:10)
  5 nagas
  7 wargs
  Edmund (D:4)
  10 water moccasins
  12 porcupines
  30 orc warriors
  5 ice beasts
  5 sky beasts
  An eye of draining (D:10)
  3 phantoms
  14 ogres
  2 black bears
  9 centaurs
  37 wolves
  12 crocodiles
  8 big kobolds
  A gnoll sergeant (D:7)
  17 bullfrogs
  Blork the orc (D:4)
  2 water moccasin zombies (Ossuary)
  6 scorpions
  9 wights
  2 howler monkeys (D:9)
  A bullfrog zombie (D:10)
  3 hounds (D:7)
  14 orc priests
  3 gnoll shamans (D:7)
  2 jellies
  20 orc wizards
  2 centaur skeletons
  A bullfrog skeleton (D:10)
  Ijyb (D:3)
  Terence (D:3)
  4 iguanas
  10 worker ants
  3 big kobold zombies (Ossuary)
  5 hound skeletons
  2 mummies (Ossuary)
  A worker ant zombie (D:7)
  11 adders
  4 gnolls
  4 shadow imps
  8 adder zombies
  2 worms
  6 leopard geckos
  67 orcs
  3 ball pythons
  6 bats
  7 giant cockroaches
  8 goblins
  15 hobgoblins
  6 jackals
  41 kobolds
  7 quokkas
  5 frilled lizards
  A giant cockroach zombie (D:5)
  5 gnoll zombies (Ossuary)
  7 hobgoblin zombies (Ossuary)
  5 kobold zombies (Ossuary)
  4 orc zombies (Ossuary)
  A quokka zombie (D:7)
  5 rats
  A fungus (D:10)
  3 plants
696 creatures vanquished.

Vanquished Creatures (collateral kills)
  Louise (D:14)
  An orc knight (Orc:2)
  A manticore (D:14)
3 creatures vanquished.

Vanquished Creatures (others)
  A sky beast (D:14)
  A hound (D:14)
  An orc wizard (Orc:1)
  2 bushes (D:9)
  21 fungi
  35 plants
61 creatures vanquished.

Grand Total: 760 creatures vanquished

Notes
Turn   | Place    | Note
-------+----------+-------------------------------------------
     0 | D:1      | inc the Felid Fire Elementalist began the quest for the Orb.
     0 | D:1      | Reached XP level 1. HP: 7/7 MP: 4/4
   124 | D:1      | Reached XP level 2. HP: 11/11 MP: 1/6
   608 | D:1      | Reached skill level 1 in Conjurations
   608 | D:1      | Reached XP level 3. HP: 14/14 MP: 4/7
   945 | D:2      | Found a shattered altar of Ashenzari.
  1031 | D:2      | Found a glowing golden altar of the Shining One.
  1034 | D:2      | Found a white marble altar of Elyvilon.
  1482 | D:2      | Reached XP level 4. HP: 18/18 MP: 3/8
  1554 | D:2      | Learned a level 3 spell: Conjure Flame
  1558 | D:2      | Learned a level 3 spell: Inner Flame
  1987 | D:3      | Found a basalt altar of Yredelemnul.
  2237 | D:3      | Noticed Terence
  2657 | D:4      | Reached XP level 5. HP: 21/21 MP: 4/9
  2754 | D:4      | Noticed Edmund
  2845 | D:4      | Noticed Blork the orc
  3074 | D:4      | Noticed an ogre
  3083 | D:4      | Found a deep blue altar of Sif Muna.
  3084 | D:4      | Found an ancient bone altar of Kikubaaqudgha.
  3084 | D:4      | Found a radiant altar of Vehumet.
  3089 | D:4      | Identified Sif Muna's Collected Works on Curses
  3092 | D:4      | Became a worshipper of Sif Muna the Loreminder
  3099 | D:4      | Noticed an orc warrior
  3186 | D:5      | Entered Level 5 of the Dungeon
  3190 | D:5      | Slain by a worker ant
  3191 | D:5      | Reached XP level 4. HP: 0/18 MP: 4/10
  3541 | D:4      | Reached XP level 5. HP: 14/21 MP: 3/11
  3723 | D:4      | Learned a level 2 spell: Throw Flame
  4156 | D:5      | Noticed an ice beast
  4178 | D:5      | Killed an ice beast
  4178 | D:5      | Gained mutation: You are covered in thick fur. (AC +2) [Felid growth]
  4178 | D:5      | Reached XP level 6. HP: 24/24 MP: 4/12
  4378 | D:5      | Reached * piety under Sif Muna
  4504 | D:4      | Killed an orc warrior
  4504 | D:4      | Reached XP level 7. HP: 27/27 MP: 0/13
  4613 | D:4      | Reached skill level 5 in Fire Magic
  4841 | D:3      | Noticed Ijyb
  4851 | D:3      | Killed Ijyb
  4851 | D:3      | Reached skill level 5 in Conjurations
  4863 | D:3      | Learned a level 4 spell: Sticky Flame
  4978 | D:3      | Killed Terence
  5846 | D:4      | Killed Edmund
  6016 | D:4      | Killed Blork the orc
  6230 | D:5      | Found a hide-covered altar of Uskayaw.
  6285 | D:5      | Found a staircase to the Ecumenical Temple.
  6290 | D:5      | Reached ** piety under Sif Muna
  6300 | Temple   | Entered the Ecumenical Temple
  6581 | D:5      | Reached XP level 8. HP: 30/31 MP: 10/14
  6873 | D:6      | Found a runed gate.
  6873 | D:6      | Found a runed gate.
  6874 | D:6      | Found a runed gate.
  6875 | D:6      | Noticed Alabard's ghost (novice MiFi)
  7142 | D:6      | Found a sand-covered staircase.
  7151 | Ossuary  | Entered an ossuary
  7917 | D:6      | Reached *** piety under Sif Muna
  9415 | D:7      | Reached skill level 1 in Fighting
  9757 | D:7      | Reached XP level 9. HP: 37/37 MP: 8/15
 10331 | D:7      | Noticed a two-headed ogre
 10368 | D:7      | Killed a two-headed ogre
 10368 | D:7      | Reached **** piety under Sif Muna
 10593 | D:7      | Noticed Pikel
 10941 | D:7      | Found a radiant altar of Vehumet.
 11387 | D:7      | Reached skill level 5 in Dodging
 11685 | D:7      | Reached XP level 10. HP: 42/42 MP: 13/21
 11964 | D:7      | Found a stormy altar of Qazlal.
 11964 | D:7      | Found a sparkling altar of Nemelex Xobeh.
 11965 | D:7      | Found an ornate altar of the Wu Jian Council.
 12252 | D:8      | Noticed a two-headed ogre
 12263 | D:8      | Killed a two-headed ogre
 12361 | D:8      | Found a snail-covered altar of Cheibriados.
 12516 | D:8      | Found a shimmering altar of Xom.
 12516 | D:8      | Noticed an angel
 12525 | D:8      | Found a glowing silver altar of Zin.
 12993 | D:8      | Found an iron altar of Okawaru.
 13217 | D:9      | Found an opulent altar of Gozag.
 13677 | D:9      | Reached ***** piety under Sif Muna
 13727 | D:9      | Identified Sif Muna's Papyrus of Battle Magic (Sif Muna gifted it to you on level 9 of the Dungeon)
 13727 | D:9      | Received a gift from Sif Muna
 13914 | D:9      | Learned a level 5 spell: Fireball
 14026 | D:9      | Found a staircase to the Lair.
 14199 | D:9      | Found a sacrificial altar of Ru.
 14358 | D:9      | Found Kaarup's Jewellery Shoppe.
 14748 | D:9      | Found a roughly hewn altar of Beogh.
 15003 | D:10     | Entered Level 10 of the Dungeon
 15109 | D:10     | Noticed a gargoyle
 15268 | D:10     | Noticed a two-headed ogre
 15268 | D:10     | Noticed a gargoyle
 15314 | Lair:1   | Entered Level 1 of the Lair of Beasts
 15393 | Lair:1   | Noticed a spiny frog
 15402 | Lair:1   | Killed a spiny frog
 15402 | Lair:1   | Reached XP level 11. HP: 34/46 MP: 15/22
 15738 | Lair:1   | Noticed a six-headed hydra
 16437 | Lair:2   | Found a staircase to the Snake Pit.
 16595 | Lair:2   | Noticed an oklob plant
 16597 | Lair:2   | Noticed an oklob plant
 16598 | Lair:2   | Noticed an oklob plant
 16599 | Lair:2   | Noticed a four-headed hydra
 16600 | Lair:2   | Noticed an oklob plant
 16609 | Lair:2   | Killed an oklob plant
 16899 | Lair:2   | Reached skill level 5 in Fighting
 17279 | Lair:2   | Killed a four-headed hydra
 17780 | Lair:2   | Killed an oklob plant
 17913 | Lair:2   | Killed an oklob plant
 18043 | Lair:2   | Killed an oklob plant
 18573 | Lair:2   | Found a staircase to the Shoals.
 19086 | Lair:3   | Reached skill level 10 in Dodging
 19381 | Lair:3   | Gained mutation: Your thick and shaggy fur keeps you warm. (AC +3, rC+) [Felid growth]
 19381 | Lair:3   | Reached XP level 12. HP: 52/56 MP: 0/25
 19927 | Lair:3   | Noticed Harold
 19943 | Lair:3   | Killed Harold
 19943 | Lair:3   | Identified Sif Muna's Reference Book on Igneous Combat Magic (Sif Muna gifted it to you on level 3 of the Lair of Beasts)
 19943 | Lair:3   | Received a gift from Sif Muna
 19956 | Lair:3   | Learned a level 1 spell: Summon Butterflies
 20245 | Lair:3   | Reached skill level 1 in Summonings
 21075 | Lair:4   | Reached skill level 5 in Summonings
 21421 | Lair:4   | Noticed a six-headed hydra
 21436 | Lair:4   | Killed a six-headed hydra
 21882 | Lair:4   | Noticed Rupert
 21920 | Lair:4   | Killed Rupert
 23062 | Lair:5   | Found a staircase to the Slime Pits.
 23605 | Lair:5   | Reached XP level 13. HP: 53/59 MP: 19/26
 24284 | Lair:6   | Entered Level 6 of the Lair of Beasts
 25042 | D:10     | Reached skill level 1 in Invocations
 25764 | D:10     | Found a staircase to the Orcish Mines.
 26259 | D:10     | Identified Sif Muna's Compendium of Shape Shifting and Aid (Sif Muna gifted it to you on level 10 of the Dungeon)
 26259 | D:10     | Received a gift from Sif Muna
 26509 | D:10     | Noticed Erolcha
 26515 | D:10     | Killed Erolcha
 27403 | D:10     | Reached skill level 5 in Invocations
 28972 | D:12     | Noticed Snorg
 29027 | D:12     | Killed Snorg
 29556 | D:12     | Found a shimmering altar of Xom.
 29695 | D:13     | Noticed Maurice
 29797 | D:13     | Found a gate to the Vaults.
 29797 | D:13     | Noticed Urug
 29797 | D:13     | Noticed Nessos
 30018 | D:13     | Killed Maurice
 30901 | D:13     | Reached skill level 10 in Fire Magic
 31127 | D:13     | Killed Urug
 31127 | D:13     | Reached skill level 10 in Conjurations
 31465 | Orc:1    | Entered Level 1 of the Orcish Mines
 31465 | Orc:1    | Noticed a stone giant
 31578 | Orc:1    | Found a roughly hewn altar of Beogh.
 31583 | Orc:1    | Killed from afar by an orc sorcerer
 31584 | Orc:1    | Reached XP level 12. HP: -8/57 MP: 1/34
 31840 | Orc:1    | Found an iron altar of Okawaru.
 31875 | Orc:1    | Killed a stone giant
 31875 | Orc:1    | Reached XP level 13. HP: 15/60 MP: 3/26
 32521 | Orc:2    | Entered Level 2 of the Orcish Mines
 32634 | Orc:2    | Found a frozen archway.
 32889 | IceCv    | Entered an ice cave
 33447 | IceCv    | Reached skill level 10 in Fighting
 33593 | IceCv    | Identified Sif Muna's Reference Book on Creative Cold (Sif Muna gifted it to you in an ice cave)
 33593 | IceCv    | Received a gift from Sif Muna
 33811 | IceCv    | Learned a level 4 spell: Summon Lightning Spire
 33950 | IceCv    | Reached skill level 1 in Air Magic
 34725 | IceCv    | Noticed a frost giant
 34861 | IceCv    | HP: 3/62 [frost giant/bolt of cold (25)]
 34866 | IceCv    | Killed a frost giant
 34866 | IceCv    | Reached skill level 10 in Summonings
 35163 | IceCv    | Identified Ratrot's Guide on Virous Attacks
 35202 | Orc:2    | Noticed an orc warlord
 36163 | Orc:1    | HP: 3/62 [orc warrior/trident (16)]
 36521 | Orc:1    | Killed an orc warlord
 36798 | Orc:2    | Found Kopruz's General Store.
 37157 | Orc:2    | Found Giam's Antique Weapon Emporium.
 37355 | Orc:2    | Reached XP level 14. HP: 66/66 MP: 20/27
 37531 | Orc:2    | Found Lyrghoyrch's Book Emporium.
 37677 | Orc:2    | Found a staircase to the Elven Halls.
 37701 | Orc:2    | Found Erae's Antique Armour Shoppe.
 37965 | Orc:2    | Bought a book of Fire for 845 gold pieces
 38406 | D:12     | Identified Sif Muna's Guide on Combat Magic (Sif Muna gifted it to you on level 12 of the Dungeon)
 38406 | D:12     | Received a gift from Sif Muna
 38563 | D:13     | Shot with an arrow by Nessos
 38564 | D:13     | Reached XP level 13. HP: -9/62 MP: 6/35
 38604 | D:14     | Found Iluittil's Assorted Antiques.
 38612 | D:14     | Bought an agate ring for 120 gold pieces
 38612 | D:14     | Bought a scroll of blinking for 180 gold pieces
 38612 | D:14     | Bought a scroll labeled JISEUW SAUH for 24 gold pieces
 38612 | D:14     | Bought a scroll labeled JISEUW SAUH for 24 gold pieces
 38635 | D:14     | Noticed Louise
 38644 | D:14     | Killed Louise
 39092 | D:14     | Noticed Kirke
 39131 | D:14     | Killed Kirke
 39148 | D:14     | Shot with an arrow by a centaur warrior
 39149 | D:14     | Reached XP level 12. HP: -12/58 MP: 21/34
 39477 | D:14     | Found a runed gate.
 39479 | D:14     | Found a runed gate.
 39482 | D:14     | Mangled by a centaur warrior

Vault maps used:
D:1:      shiori_shiawase, minmay_misc_feat_doors
D:2:      evilmike_ruin_ashenzari, grunt_temple_overflow_open, first_ration
D:3:      yredelemnul_altar_generic, uniq_ijyb, uniq_terence
D:4:      grunt_temple_overflow_magic_moments, serial_aquarium,
          aquarium_bridge_straight, aquarium_window_corridor_1,
          aquarium_window_1, aquarium_view_2d, minmay_goblin_outpost,
          uniq_blork_the_orc, uniq_edmund
D:5:      overflow_temple_1_default, minmay_temple_entry_fiery,
          minmay_misc_feat_four_crosses, kennysheep_big_empty_room
D:6:      nicolae_ossuary_entry_monument, gammafunk_ghost_split,
          kennysheep_generic_room_3
D:7:      kennysheep_housing_project, gammafunk_temple_overflow_claw,
          basic_altar, uniq_pikel
D:8:      grunt_temple_overflow_order_and_chaos_1, lemuel_crystal_altar,
          kennysheep_mini_moat, serial_curves, eino_curves_01, eino_curves_01,
          eino_curves_03, eino_curves_01
D:9:      lemuel_round_altar, grunt_gozag_statues, minmay_lair_entry_grove,
          special_room, serial_shops, shop, hangedman_fish_farm
D:10:     kennysheep_steamy, david_orc_4, uniq_erolcha
D:11:     nrook_guardian_serpent_double
D:12:     david_defended_altar_elf, uniq_snorg
D:13:     david_vaults_3, uniq_maurice
D:14:     serial_shops, shop, hex_tiny, gammafunk_ghost_spectres, uniq_kirke,
          uniq_louise
Temple:   corrupted_temple
Lair:1:   grunt_megastairs_2
Lair:2:   minmay_shoals_entry_centaurs, minmay_snake_entry_guardpost_medium,
          minmay_lair_oklob_chamber
Lair:3:   grunt_megastairs_3, uniq_harold
Lair:4:   enter_volcano_2, uniq_rupert
Lair:5:   minmay_slime_entry_pillars, lemuel_fruit_fields,
          infiniplex_staircase_pool_2
Lair:6:   due_jungle_book
Orc:1:    basic_altar, okawaru_metal_pillars_1_2
Orc:2:    grunt_orc_gardens, grunt_orc_garden, grunt_orc_garden,
          grunt_orc_garden, grunt_orc_garden,
          portal_ice_cave_entry_animals_and_master
Ossuary:  ossuary_tomb_2
IceCv:    ice_cave_caverns_01

Skill      XL: |  1  2  3  4  5  6  7  8  9 10 11 12 13 |
---------------+----------------------------------------+-----
Fire Magic     | 3 4 6 7 8 9 10 | 10.9
Conjurations   | 1 2 3 4 6 7 8 9 10 | 10.8
Spellcasting   | 3 6 8 |  8.6
Fighting       | 2 4 8 10 | 10.4
Dodging        | 6 9 10 11 | 11.5
Summonings     | 9 11 | 11.9
Invocations    | 6 |  6.5
Air Magic      | 3 |  3.5
Stealth        | |  2.6

Action                   |  1- 3 |  4- 6 |  7- 9 | 10-12 | 13-15 || total
-------------------------+-------+-------+-------+-------+-------++-------
Melee: Unarmed           |     3 |    44 |    95 |    73 |   108 ||   323
       Bite              |       |     4 |    16 |     9 |    13 ||    42
 Cast: Flame Tongue      |    63 |   104 |   258 |   357 |   239 ||  1021
       Conjure Flame     |       |     6 |    31 |    26 |    26 ||    89
       Inner Flame       |       |     1 |    11 |    13 |    17 ||    42
       Throw Flame       |       |    21 |    35 |    30 |       ||    86
       Sticky Flame      |       |       |    15 |    96 |   135 ||   246
       Fireball          |       |       |       |    96 |   268 ||   364
       Summon Lightning  |       |       |       |       |     8 ||     8
       Summon Butterflie |       |       |       |       |     6 ||     6
Invok: Divine Energy     |       |       |     1 |       |       ||     1
       Channel Magic     |       |       |       |       |     4 ||     4
  Use: Potion            |       |     5 |       |       |     5 ||    10
       Scroll            |       |     3 |     5 |     8 |    16 ||    32
 Stab: Sleeping          |       |     2 |     3 |     2 |       ||     7
       Distracted        |       |       |       |       |     1 ||     1
  Eat: Chunk             |     2 |    14 |    18 |    61 |    80 ||   175
       Ration            |       |       |       |     3 |     7 ||    10
Armor: Skin              |     2 |     2 |    13 |     3 |    18 ||    38
Dodge: Dodged            |    15 |    57 |   124 |   256 |   539 ||   991

Table legend:
 A = Spawn XP
 B = Non-spawn XP
 C = Spawn XP percentage of total XP
 D = Spawn monster count
 E = Non-spawn monster count
 F = Spawn count percentage of total count
 G = Total turns spent on level
                    A         B        C        D         E        F      G
               +---------+---------+-------+---------+---------+-------+---------
         Total |       0 |  101829 |   0.0 |       0 |     696 |   0.0 | 39482
               +---------+---------+-------+---------+---------+-------+---------
           D:1 |       0 |      56 |   0.0 |       0 |      25 |   0.0 |   934
           D:2 |       0 |      88 |   0.0 |       0 |      18 |   0.0 |   896
           D:3 |       0 |     107 |   0.0 |       0 |      13 |   0.0 |  1277
           D:4 |       0 |     943 |   0.0 |       0 |      29 |   0.0 |  2349
           D:5 |       0 |     413 |   0.0 |       0 |      15 |   0.0 |  1338
           D:6 |       0 |     550 |   0.0 |       0 |      15 |   0.0 |  1418
           D:7 |       0 |    3431 |   0.0 |       0 |      51 |   0.0 |  3134
           D:8 |       0 |    1557 |   0.0 |       0 |      21 |   0.0 |   969
           D:9 |       0 |    3229 |   0.0 |       0 |      63 |   0.0 |  2776
          D:10 |       0 |    6686 |   0.0 |       0 |      65 |   0.0 |  2979
          D:11 |       0 |    1722 |   0.0 |       0 |       9 |   0.0 |   503
          D:12 |       0 |    6150 |   0.0 |       0 |      23 |   0.0 |  2186
          D:13 |       0 |    8526 |   0.0 |       0 |      28 |   0.0 |  1005
          D:14 |       0 |    7829 |   0.0 |       0 |      24 |   0.0 |   904
        Lair:1 |       0 |     952 |   0.0 |       0 |       6 |   0.0 |  1157
        Lair:2 |       0 |    7642 |   0.0 |       0 |      34 |   0.0 |  2535
        Lair:3 |       0 |    7072 |   0.0 |       0 |      28 |   0.0 |  2005
        Lair:4 |       0 |    8435 |   0.0 |       0 |      29 |   0.0 |  1843
        Lair:5 |       0 |    4158 |   0.0 |       0 |      25 |   0.0 |  1786
        Lair:6 |       0 |    1298 |   0.0 |       0 |       4 |   0.0 |    46
         Orc:1 |       0 |    5499 |   0.0 |       0 |      33 |   0.0 |  2477
         Orc:2 |       0 |   11224 |   0.0 |       0 |      49 |   0.0 |  1944
       Ossuary |       0 |     330 |   0.0 |       0 |      35 |   0.0 |   689
         IceCv |       0 |   13932 |   0.0 |       0 |      54 |   0.0 |  2290
               +---------+---------+-------+---------+---------+-------+---------
